 Dungeon Sprint DCSS version 0.32-a0-42-ga30500b4d3 (webtiles) character file.

Game seed: 12301017025918364527

219 rocky1 the Toxicologist (level 5, -3/32 HPs)
             Began as an Octopode Alchemist on Jan 29, 2024.
             Was an Initiate of Gozag.
             Shot with an arrow by a centaur (16 damage)
             ... in the Dungeon (Sprint VII: "The Pits").
             The game lasted 00:01:33 (373 turns).

rocky1 the Toxicologist (Octopode Alchemist)         Turns: 373, Time: 00:01:34

Health: -3/32      AC:  1    Str:  7    XL:     5   Next: 96%
Magic:  9/12       EV: 14    Int: 18    God:    Gozag
Gold:   441        SH:  0    Dex: 14    Spells: 12/13 levels left

rFire   . .          .
                       - Unarmed
rCold   . . .        (no shield)
rNeg    . . .        (helmet restricted)
rPois   .            (no amulet)
rElec   .            (no ring)
rCorr   .            (no ring)
SInv    .            (no ring)
Will    .....        (no ring)
Stlth   ++           (no ring)
HPRegen 0.25/turn    (no ring)
MPRegen 0.13/turn    (no ring)
                     (no ring)

%: no teleportation
@: confused, on berserk cooldown, slowed, very slow
A: almost no armour, amphibious, 8 rings, camouflage 1, gelatinous body 1,
(nimble swimmer 1), tentacles
a: Renounce Religion, Potion Petition, Call Merchant, Bribe Branch


You were in the Dungeon.
You worshipped Gozag.
Gozag was aware of your devotion.
You visited 1 branch You collected 441 gold pieces.

Inventory:

Scrolls
 h - 2 scrolls of vulnerability
 i - 5 scrolls of amnesia
 j - a scroll of butterflies
Potions
 a - 5 potions of magic
 b - 6 potions of curing
 c - 2 potions of heal wounds
 d - a potion of haste
 e - 2 potions of berserk rage
 g - 2 potions of invisibility


   Skills:
 + Level 0.3 Fighting
 + Level 4.6 Dodging
 + Level 6.3 Stealth
 + Level 3.0 Unarmed Combat
 + Level 4.8 Spellcasting
 + Level 2.5 Conjurations
 + Level 9.2 Alchemy


You had 12 spell levels left.
You knew the following spells:

 Your Spells              Type           Power      Damage    Failure   Level
a - Sting                 Conj/Alch      100%       1d9       1%          1

Your spell library contained the following spells:

 Spells                   Type           Power      Damage    Failure   Level
 Mercury Vapours          Alch/Air       40%        N/A       3%          2
 Olgreb's Toxic Radiance  Alch           37%        N/A       3%          4
 Mephitic Cloud           Conj/Alch/Air  18%        N/A       9%          3
 Sticky Flame             Fire/Alch      20%        2d6       21%         4


Dungeon Overview and Level Annotations

Branches:
Dungeon (1/1)

Altars:
Ashenzari
Cheibriados
Dithmenos
Elyvilon
Fedhas
Gozag
Hepliaklqana
Kikubaaqudgha
Makhleb
Nemelex Xobeh
Okawaru
Qazlal
Ru
Sif Muna
Trog
Uskayaw
Vehumet
Wu Jian
Xom
Yredelemnul
Zin
The Shining One
Jiyva
Lugonu


Innate Abilities, Weirdness & Mutations

You cannot wear most types of armour.
You are amphibious.
You can wear up to eight rings at the same time.
Your skin changes colour to match your surroundings (Stealth+).
Your rubbery body absorbs attacks. (AC +1, EV +1)
((You are camouflaged when in or above water. (Stealth+)))
You have tentacles for arms and can constrict up to eight enemies at once.


Message History

The centaur is no longer distracted by gold.
The orc warrior hits you with a +0 flail!
* * * LOW HITPOINT WARNING * * *
You tentacle-slap the orc warrior. You squeeze the orc warrior.
You kill the orc warrior!
You are no longer berserk.
You are exhausted.
You feel yourself slow down.
The centaur wields a +0 orcbow.
The centaur shoots an arrow.
The arrow barely misses you.
Your Dodging skill increases to level 4!
Your Stealth skill increases to level 6!
Your Unarmed Combat skill gained 2 levels and is now at level 3!
Your Alchemy skill increases to level 9!
Unknown command.
Unknown command.
You feel much better.
The centaur shoots an arrow.
The arrow misses you.
The orc priest is distracted by your dazzling golden aura.
The centaur shoots an arrow.
The orc priest shouts!
Unknown command.
Blink to where?
Press: ? - help, Dir - move target
As you read the scroll of blinking, it crumbles to dust.
Something tries to affect you, but you resist.
There is an open door here.
As you close the door, it creaks loudly!
You start resting.
Something unseen breaks down the door.
You start resting.
You hear some strange, mumbled words.
You are confused.
You hear some strange, mumbled words.
A puff of flame appears from out of thin air!
The puff of flame hits you!
The centaur shouts!
You tentacle-slap something but do no damage.
Your squeeze misses something. Something hits you.
The centaur shoots an arrow.
The arrow hits you!
Ouch! That really hurt!
You die...
Your body crumbles into a pile of gold.

############
#_________.#
#_________.#
#_______...#########
##########'##.......
#..(.')))'.##......#
##########.##.......
#c{@........'.......
#'#####'#####......#
#.#..#..#..##.......
#.#..'..').#####'###
#.##+####'###.......
#.#........##.......
#.#........##.......
#$#####'#####...<...
#$#..[)))..##.......


You could see a centaur.

Vanquished Creatures
  An orc warrior (D)
  A scorpion (D)
  An iguana (D)
  An adder (D)
  A white imp (D)
  An ufetubus (D)
  3 orcs (D)
  A bat skeleton (D)
  A goblin (D)
  A hobgoblin (D)
  2 ball pythons (D)
  3 frilled lizards (D)
17 creatures vanquished.

Notes
Turn   | Place    | Note
-------+----------+-------------------------------------------
     0 | D        | rocky1 the Octopode Alchemist began the quest for the Orb.
     0 | D        | Reached XP level 1. HP: 11/11 MP: 3/3
    17 | D        | Reached skill level 4 in Alchemy
    17 | D        | Reached XP level 2. HP: 17/17 MP: 3/5
    42 | D        | Found a bloodstained altar of Trog.
    42 | D        | Found a shimmering blue altar of Sif Muna.
    42 | D        | Found a viscous altar of Jiyva.
    42 | D        | Found a hazy altar of Hepliaklqana.
    42 | D        | Found an opulent altar of Gozag.
    43 | D        | Found a glowing golden altar of the Shining One.
    43 | D        | Found a glowing silver altar of Zin.
    43 | D        | Found a basalt altar of Yredelemnul.
    43 | D        | Found a shimmering altar of Xom.
    43 | D        | Found an ornate altar of the Wu Jian Council.
    43 | D        | Found a sacrificial altar of Ru.
    43 | D        | Found a stormy altar of Qazlal.
    43 | D        | Found an iron altar of Okawaru.
    43 | D        | Found a sparkling altar of Nemelex Xobeh.
    43 | D        | Found a burning altar of Makhleb.
    43 | D        | Found a blossoming altar of Fedhas.
    43 | D        | Found a white marble altar of Elyvilon.
    43 | D        | Found a shadowy altar of Dithmenos.
    43 | D        | Found a snail-covered altar of Cheibriados.
    46 | D        | Found a corrupted altar of Lugonu.
    46 | D        | Found a radiant altar of Vehumet.
    47 | D        | Found an ancient bone altar of Kikubaaqudgha.
    47 | D        | Found a hide-covered altar of Uskayaw.
    47 | D        | Found a broken altar of Ashenzari.
    54 | D        | Became a worshipper of Gozag Ym Sagoz the Greedy
    76 | D        | Reached skill level 5 in Alchemy
   104 | D        | Noticed a scorpion
   109 | D        | Killed a scorpion
   110 | D        | Reached skill level 5 in Stealth
   110 | D        | Reached skill level 7 in Alchemy
   110 | D        | Reached XP level 3. HP: 20/21 MP: 2/8
   110 | D        | Reached XP level 4. HP: 25/27 MP: 2/9
   349 | D        | Noticed an orc warrior
   351 | D        | Reached skill level 1 in Unarmed Combat
   351 | D        | Reached skill level 8 in Alchemy
   351 | D        | Reached XP level 5. HP: 31/31 MP: 6/11
   351 | D        | Noticed a centaur
   362 | D        | Killed an orc warrior
   363 | D        | Reached skill level 9 in Alchemy
   373 | D        | Shot with an arrow by a centaur

Illustrated notes

Levels and vault maps discovered:
D:        pitsprint [storerooms_1, entrance_room_1, metal_vault_6, armoury_3,
          mini_pit_1, grid_room_1, main_hall_1, silver_pit, the_coven_3,
          the_vestibule_1, steel_vault_2, golden_pit, hallway_of_sentries,
          crystal_vault_1, iron_vault_4, final_vault]

Skill      XL: |  1  2  3  4  5 |
---------------+----------------+-----
Stealth        | 3 5 6 |  6.3
Alchemy        | 4 7 8 9 |  9.2
Dodging        | 3 4 |  4.6
Spellcasting   | 3 4 |  4.8
Unarmed Combat | 1 3 |  3.0
Conjurations   | 2 |  2.5
Fighting       | |  0.3

Action                     |  1- 3 |  4- 6 || total
---------------------------+-------+-------++-------
  Melee: Unarmed           |     9 |    31 ||    40
         Constrict         |     5 |     7 ||    12
         Tentacles         |     4 |     6 ||    10
         Punch             |       |     1 ||     1
   Cast: Sting             |     5 |     7 ||    12
    Use: Potion            |       |     5 ||     5
         Scroll            |       |     1 ||     1
   Stab: Sleeping          |     2 |       ||     2
 Armour: Skin              |     2 |    21 ||    23
  Dodge: Dodged            |     5 |    20 ||    25

Table legend: (Time is in decaauts)
 A = Elapsed time spent in this place.
 B = Non-inter-level travel time spent in this place.
 C = Inter-level travel time spent in this place.
 D = Time resting spent in this place.
 E = Time spent auto-exploring this place.
 F = Levels seen in this place.
 G = Mean time per level.
                   A        B        C        D        E       F      G
               +--------+--------+--------+--------+--------+-----+--------+
         Total |    372 |    359 |     13 |    176 |      0 |   1 |  372.0 |
       Dungeon |    372 |    359 |     13 |    176 |      0 |   1 |  372.0 |
               +--------+--------+--------+--------+--------+-----+--------+

Top non-repeatable levels by time:
       D: 372 daAuts
